 Dungeon Sprint DCSS version 0.29-a0-194-g6e3aafee17 (webtiles) character file.

Game seed: 18056471124234000147

276778 mhtbhm the Executioner (level 12, 47/132 HPs)
             Began as a Minotaur Fighter on Feb 22, 2022.
             Was the Champion of Trog.
             Escaped with the Orb!
             The game lasted 00:10:08 (4604 turns).

mhtbhm the Executioner (Minotaur Fighter)           Turns: 4604, Time: 00:10:08

Health: 47/132     AC: 20    Str: 26    XL:     12   Next: 66%
Magic:  11/11      EV:  7    Int:  5    God:    Trog [******]
Gold:   2522       SH: 18    Dex: 10    Spells: 11/11 levels left

rFire   + + .      SeeInvis .   a - +3 broad axe (vorpal)
rCold   + . .      Faith    .   c - +0 tower shield
rNeg    . . .      Spirit   .   b - +0 gold dragon scales
rPois   +          Reflect  .   (helmet restricted)
rElec   .          Harm     .   (no cloak)
rCorr   .          Rampage  .   q - +0 pair of gloves
Will    .....      NoTele   +   (no boots)
Stlth   ..........              (no amulet)
HPRegen 0.32/turn               u - ring of protection from fire
MPRegen 0.12/turn               t - ring of poison resistance

@: corroded, on berserk cooldown, slowed, very slow
A: horns 2, retaliatory headbutt
0: Orb of Zot
a: Renounce Religion, Berserk, Trog's Hand, Brothers in Arms


You escaped.
You worshipped Trog.
Trog was exalted by your worship.
You visited 1 branch You collected 3677 gold pieces.
You spent 1155 gold pieces at shops.

Inventory:

Hand Weapons
 a - a +3 vorpal broad axe (weapon)
 m - a +5 scimitar of holy wrath
 v - a +4 broad axe of flaming
Missiles
 n - 3 curare-tipped darts (quivered)
 x - 5 atropa-tipped darts
Armour
 b - +0 gold dragon scales (worn)
 c - a +0 tower shield (worn)
 p - the +1 Delatra's gloves {ID++}
   (You found it in the Dungeon)

   It heals its wearer when they drink unknown potions.
   It restores its wearer's MP when they read unknown scrolls.
 q - a +0 pair of gloves (worn)
Jewellery
 o - a ring of resist corrosion
 t - a ring of poison resistance (right hand)
 u - a ring of protection from fire (left hand)
Wands
 k - a wand of polymorph (12)
 l - a wand of mindburst (2)
 r - a wand of flame (2)
 w - a wand of iceblast (6)
Scrolls
 f - 2 scrolls of amnesia
 z - a scroll of silence {unknown}
Potions
 d - a potion of might
 e - a potion of curing
 g - a potion of haste
 h - 2 potions of magic
 i - a potion of berserk rage
 A - 2 potions of brilliance
Miscellaneous
 s - a phantom mirror


   Skills:
 + Level 19.9 Fighting
 + Level 21.4 Axes
 + Level 2.5 Throwing
 + Level 18.9 Armour
 + Level 8.8 Dodging
 + Level 2.2 Stealth
 + Level 15.8 Shields
 + Level 5.0 Evocations


You had 11 spell levels left.
You didn't know any spells.
Your spell library was empty.

Dungeon Overview and Level Annotations

Branches:
Dungeon (1/1)

Altars:
Cheibriados
Dithmenos
Elyvilon
Fedhas
Gozag
Hepliaklqana
Kikubaaqudgha
Makhleb
Nemelex Xobeh
Okawaru
Qazlal
Ru
Sif Muna
Trog
Uskayaw
Vehumet
Wu Jian
Xom
Yredelemnul
Zin
The Shining One
Jiyva
Lugonu

Shops:
D ***:((*=*:!(!(*[**

Annotations:
D Tiamat


Innate Abilities, Weirdness & Mutations

You have a pair of horns on your head.
You reflexively headbutt those who attack you in melee.


Message History

You barely miss the demonspawn corrupter.
You barely miss the ironbound convoker.
You hit the starcursed mass but do no damage.
You block the demonspawn corrupter's attack.
The demonspawn corrupter kicks you but does no damage.
The tentacled starspawn barely misses you.
The tentacled starspawn tentacle-slaps you.
You block the ironbound convoker's attack.
You slash the tentacled starspawn!
You destroy the tentacled starspawn!
The starspawn's tentacles wither and die.
The tentacled starspawn disappears in a puff of smoke!
You slash the starcursed mass! You slash the ironbound convoker!
You slash the demonspawn corrupter!
The starcursed mass shudders and is absorbed by its neighbour.
A starcursed mass splits.
The demonspawn corrupter calls forth creatures from the Pits of Slime!
You hit the rockslime.
You headbutt the rockslime, but do no damage.
The rockslime is lightly wounded.
You slash the demonspawn corrupter!
You kill the demonspawn corrupter!
Trog accepts your kill.
The starcursed mass disappears in a puff of smoke!
The ironbound convoker disappears in a puff of smoke!
The vault sentinel disappears in a puff of smoke!
The starcursed mass disappears in a puff of smoke!
The rockslime disappears in a puff of smoke!
Things that are here:
a +0 dire flail; a +0 scale mail; a demonspawn corpse Unknown command.
You feel a strong urge to attack something.
You are no longer berserk.
You are exhausted.
You feel yourself slow down.
There is an open door, spattered with blood here.
Things that are here:
a +0 dagger; a +0 leather armour
There is a staircase leading out of the dungeon here.
You have escaped!

##################
#@.#.))..#.)'..#__
#..).)#..'..#..'..
#..#####'#####'#__
#..####..#...#.###
#..#__####..##.#≈≈
#..#_____##'#_.'§≈
#⌠⌠#_.∩...'..._#§≈
####_..__##_.#'##§
*,,#_____###'#.#.)


There were no monsters in sight!

Vanquished Creatures
  A golden dragon (D)
  A shadow dragon (D)
  4 fire giants (D)
  A daeva (D)
  2 demonspawn corrupters (D)
  A deep elf annihilator (D)
  A hydra (D)
  2 centaur warriors (D)
  Sonja (D)
  A deep troll (D)
  A shadow demon (D)
  A lindwurm (D)
  An oklob plant (D)
  2 merfolk sirens (D)
  2 gargoyles (D)
  7 unseen horrors (D)
  2 kobold demonologists (D)
  4 demonic crawlers (D)
  A hellwing (D)
  5 hornets (D)
  A slime creature (D)
  A yak (D)
  A golden eye (D)
  13 hogs (D)
  A steam dragon (D)
  2 redbacks (D)
  3 floating eyes (D)
  7 necrophages (D)
  8 jellies (D)
  Ijyb (D)
79 creatures vanquished.

Vanquished Creatures (others)
  2 ballistomycete spores (D)
  3 starspawn tentacles (D)
5 creatures vanquished.

Grand Total: 84 creatures vanquished

Notes
Turn   | Place    | Note
-------+----------+-------------------------------------------
     0 | D        | mhtbhm the Minotaur Fighter began the quest for the Orb.
     0 | D        | Reached XP level 1. HP: 19/19 MP: 0/0
     1 | D        | Noticed Ijyb
    28 | D        | Killed Ijyb
    29 | D        | Reached skill level 5 in Fighting
    29 | D        | Reached skill level 3 in Axes
    29 | D        | Reached skill level 5 in Shields
    29 | D        | Reached XP level 2. HP: 18/29 MP: 1/1
   216 | D        | Noticed an ogre
   218 | D        | Noticed a golden eye
   218 | D        | an ogre changed into a golden eye
   240 | D        | Killed a golden eye
   241 | D        | Reached skill level 5 in Axes
   241 | D        | Reached XP level 3. HP: 39/39 MP: 2/2
   241 | D        | Reached XP level 4. HP: 47/47 MP: 3/3
   241 | D        | Reached XP level 5. HP: 52/52 MP: 4/4
   385 | D        | Noticed Sigmund
   386 | D        | Noticed Sigmund
   386 | D        | Sigmund changed into Sigmund the steam dragon
   399 | D        | Killed Sigmund the steam dragon
   400 | D        | Reached skill level 6 in Axes
   400 | D        | Reached skill level 1 in Evocations
   400 | D        | Reached XP level 6. HP: 38/62 MP: 5/5
   571 | D        | Found an ornate altar of the Wu Jian Council.
   571 | D        | Found a shimmering blue altar of Sif Muna.
   573 | D        | Found a radiant altar of Vehumet.
   577 | D        | Reached skill level 7 in Axes
   608 | D        | Found Otiom's General Store.
   608 | D        | Found an ancient bone altar of Kikubaaqudgha.
   608 | D        | Found a hazy altar of Hepliaklqana.
   608 | D        | Found a stormy altar of Qazlal.
   608 | D        | Found a hide-covered altar of Uskayaw.
   608 | D        | Found a blossoming altar of Fedhas.
   608 | D        | Found a bloodstained altar of Trog.
   608 | D        | Found an iron altar of Okawaru.
   608 | D        | Found a basalt altar of Yredelemnul.
   608 | D        | Found a glowing golden altar of the Shining One.
   608 | D        | Found a snail-covered altar of Cheibriados.
   608 | D        | Found a sacrificial altar of Ru.
   608 | D        | Found a glowing silver altar of Zin.
   608 | D        | Found a shadowy altar of Dithmenos.
   608 | D        | Found a white marble altar of Elyvilon.
   608 | D        | Noticed a yak
   613 | D        | Killed a yak
   614 | D        | Reached skill level 8 in Axes
   614 | D        | Found an opulent altar of Gozag.
   615 | D        | Found a sparkling altar of Nemelex Xobeh.
   623 | D        | Bought a scroll of identify for 26 gold pieces
   626 | D        | Became a worshipper of Trog the Wrathful
   641 | D        | Found a burning altar of Makhleb.
   641 | D        | Found a viscous altar of Jiyva.
   641 | D        | Found a shimmering altar of Xom.
   641 | D        | Found a corrupted altar of Lugonu.
   641 | D        | Noticed a slime creature
   649 | D        | Killed a slime creature
   650 | D        | Reached skill level 9 in Axes
   650 | D        | Reached skill level 10 in Shields
   650 | D        | Reached XP level 7. HP: 35/71 MP: 6/6
   838 | D        | Noticed Sonja
   842 | D        | Killed Sonja
   842 | D        | Reached * piety under Trog
   843 | D        | Reached skill level 10 in Fighting
   843 | D        | Reached skill level 10 in Axes
   843 | D        | Reached skill level 10 in Armour
   843 | D        | Reached skill level 5 in Dodging
   843 | D        | Reached XP level 8. HP: 54/81 MP: 7/7
   915 | D        | Found Fakev's General Store.
   923 | D        | Bought a potion of heal wounds for 70 gold pieces
   982 | D        | Noticed a deep troll
   995 | D        | Killed a deep troll
   996 | D        | Reached skill level 11 in Axes
  1279 | D        | Found Cuzeges's Armour Emporium.
  1279 | D        | Found the +1 Delatra's gloves {ID++}
  1357 | D        | Noticed a kobold demonologist
  1357 | D        | Noticed a kobold demonologist
  1363 | D        | Killed a kobold demonologist
  1363 | D        | Reached ** piety under Trog
  1364 | D        | Reached skill level 12 in Axes
  1364 | D        | Reached XP level 9. HP: 90/90 MP: 8/8
  1364 | D        | Noticed an ice devil
  1367 | D        | Killed a kobold demonologist
  1533 | D        | Noticed a centaur warrior
  1534 | D        | Noticed a centaur warrior
  1544 | D        | Killed a centaur warrior
  1545 | D        | Reached skill level 13 in Axes
  1545 | D        | Reached skill level 1 in Throwing
  1545 | D        | Killed a centaur warrior
  1546 | D        | Reached skill level 14 in Axes
  1901 | D        | Reached *** piety under Trog
  1957 | D        | Noticed an oklob plant
  1964 | D        | Killed an oklob plant
  1965 | D        | Reached XP level 10. HP: 95/101 MP: 9/9
  2133 | D        | Reached **** piety under Trog
  2134 | D        | Reached skill level 15 in Axes
  2340 | D        | Reached ***** piety under Trog
  2398 | D        | Received a gift from Trog
  2437 | D        | Found Icziusaest's Book Shoppe.
  2437 | D        | Found Roem's Assorted Antiques.
  2437 | D        | Found Gil Wak's Antique Weapon Boutique.
  2439 | D        | Found Ashrig's Weapon Emporium.
  2439 | D        | Found Viyg's Assorted Antiques.
  2439 | D        | Found Zaestem's Jewellery Shoppe.
  2439 | D        | Found Fiugoets's Assorted Antiques.
  2439 | D        | Found Kemyol's Book Emporium.
  2439 | D        | Found Niaguc's Distillery.
  2439 | D        | Found Ginampeso's Weapon Shoppe.
  2445 | D        | Found Xaqi Kon's Distillery.
  2452 | D        | Found Odoikkawn's Assorted Antiques.
  2452 | D        | Found Nipuniy's Antique Weapon Boutique.
  2453 | D        | Found Xykourph's General Store.
  2463 | D        | Bought a scroll of blinking for 180 gold pieces
  2469 | D        | Bought a glowing chain mail for 180 gold pieces
  2476 | D        | Bought a ring of poison resistance for 220 gold pieces
  2489 | D        | Bought a ring of protection from fire for 300 gold pieces
  2563 | D        | Noticed a gargoyle
  2567 | D        | Reached skill level 1 in Stealth
  2568 | D        | Reached skill level 16 in Axes
  2572 | D        | Reached ****** piety under Trog
  2576 | D        | Received a gift from Trog
  2580 | D        | Killed a gargoyle
  2747 | D        | Noticed a lindwurm
  2753 | D        | Killed a lindwurm
  2754 | D        | Reached skill level 15 in Fighting
  2763 | D        | Reached skill level 17 in Axes
  2771 | D        | Reached skill level 15 in Armour
  2771 | D        | Reached XP level 11. HP: 103/112 MP: 10/10
  2777 | D        | Received a gift from Trog
  2803 | D        | Received a gift from Trog
  2809 | D        | Reached skill level 18 in Axes
  2857 | D        | Noticed a 12-headed hydra
  2861 | D        | Killed a nine-headed hydra
  2861 | D        | Paralysed by a floating eye for 4 turns
  3166 | D        | Noticed a shadow dragon
  3166 | D        | Noticed a golden dragon
  3174 | D        | Killed a golden dragon
  3181 | D        | Killed a shadow dragon
  3182 | D        | Reached skill level 19 in Axes
  3255 | D        | Identified the +2 hunting sling "Mietoj" {speed, Drain
                  | rPois Int+3}
  3262 | D        | Found Jusaumoc's Assorted Antiques.
  3281 | D        | Bought a scroll labelled AWIRAEMNIRUO for 23 gold pieces
  3281 | D        | Bought a scroll labelled XOOSHAT USID for 23 gold pieces
  3281 | D        | Bought 2 coppery potions for 41 gold pieces
  3281 | D        | Bought a scroll of identify for 46 gold pieces
  3281 | D        | Bought a scroll of identify for 46 gold pieces
  3313 | D        | Noticed a deep elf annihilator
  3323 | D        | Received a gift from Trog
  3341 | D        | Received a gift from Trog
  3355 | D        | Killed a deep elf annihilator
  3356 | D        | Reached skill level 20 in Axes
  3735 | D        | Noticed a daeva
  3749 | D        | Reached XP level 12. HP: 105/127 MP: 11/11
  3852 | D        | Received a gift from Trog
  3915 | D        | Killed a daeva
  3916 | D        | Reached skill level 15 in Shields
  4033 | D        | Noticed a fire giant
  4034 | D        | Noticed a fire giant
  4048 | D        | Killed a fire giant
  4052 | D        | Killed a fire giant
  4094 | D        | Noticed a fire giant
  4104 | D        | Killed a fire giant
  4104 | D        | Received a gift from Trog
  4105 | D        | Reached skill level 21 in Axes
  4380 | D        | Noticed a fire giant
  4387 | D        | Killed a fire giant
  4510 | D        | Found the +4 dragonskin cloak
  4510 | D        | Noticed Tiamat
  4520 | D        | Got the Orb of Zot
  4571 | D        | Noticed a demonspawn corrupter
  4572 | D        | Noticed a demonspawn corrupter
  4573 | D        | Noticed a mummy priest
  4573 | D        | Noticed an ancient champion
  4574 | D        | Noticed a mummy priest
  4578 | D        | Noticed a tentacled starspawn
  4579 | D        | Reached skill level 5 in Evocations
  4580 | D        | Noticed a deep elf sorcerer
  4580 | D        | Noticed a deep elf sorcerer
  4588 | D        | Noticed a tentacled starspawn
  4588 | D        | Noticed a starcursed mass
  4588 | D        | Killed a demonspawn corrupter
  4588 | D        | Received a gift from Trog
  4596 | D        | Noticed a rockslime
  4596 | D        | Killed a demonspawn corrupter
  4604 | D        | Escaped with the Orb!

Illustrated notes

Levels and vault maps discovered:
D:        dungeon_sprint_1 [red_sonja_temple_1, red_sonja_temple_small_1]

Skill      XL: |  1  2  3  4  5  6  7  8  9 10 11 12 |
---------------+-------------------------------------+-----
Fighting       | 5 7 8 9 10 11 13 15 18 19 | 19.9
Axes           | 3 5 6 9 10 12 14 17 20 21 | 21.4
Armour         | 4 7 8 9 10 12 13 15 16 18 | 18.9
Shields        | 5 7 8 10 11 12 13 14 15 | 15.8
Dodging        | 2 3 4 5 6 7 8 |  8.8
Evocations     | 1 2 3 4 5 |  5.0
Throwing       | 1 2 |  2.5
Stealth        | 1 2 |  2.2

Action                   |  1- 3 |  4- 6 |  7- 9 | 10-12 || total
-------------------------+-------+-------+-------+-------++-------
Melee: War axe           |    27 |    25 |    33 |    86 ||   171
       Headbutt          |     2 |     4 |     7 |    47 ||    60
       Broad axe         |       |       |       |   164 ||   164
Throw: Dart              |       |       |     2 |     1 ||     3
Invok: Berserk           |       |       |     2 |     4 ||     6
Evoke: Wand              |     2 |     1 |     4 |     2 ||     9
       Phantom mirror    |       |       |       |     1 ||     1
  Use: Potion            |       |     1 |     2 |     2 ||     5
       Scroll            |       |       |     3 |     6 ||     9
Armor: Skin              |    15 |       |       |       ||    15
       Scale mail        |       |    14 |    23 |    19 ||    56
       Chain mail        |       |       |       |    44 ||    44
       Gold dragon scale |       |       |       |    26 ||    26
Dodge: Dodged            |     4 |    12 |    17 |    68 ||   101
Block: Buckler           |     6 |     8 |    10 |    62 ||    86
       Tower shield      |       |       |       |    25 ||    25

Table legend: (Time is in decaauts)
 A = Elapsed time spent in this place.
 B = Non-inter-level travel time spent in this place.
 C = Inter-level travel time spent in this place.
 D = Time resting spent in this place.
 E = Time spent auto-exploring this place.
 F = Levels seen in this place.
 G = Mean time per level.
                   A        B        C        D        E       F      G
               +--------+--------+--------+--------+--------+-----+--------+
         Total |   4612 |   4612 |      0 |   3146 |      1 |   1 | 4612.0 |
       Dungeon |   4612 |   4612 |      0 |   3146 |      1 |   1 | 4612.0 |
               +--------+--------+--------+--------+--------+-----+--------+

Top non-repeatable levels by time:
       D: 4612 daAuts
